Workbook

Sheet Formula Data
A1: Drop downs
A3: Summary | D3: Org role | G3: Org Size
D4: Please select | G4: Small
A5: Yes | D5: Lead Organisation | G5: Medium
A6: No | D6: Partner | G6: Large

Sheet Guidance
A1: Guidance to Project Cost Breakdown Form
A3: 1. Please complete each section of all of the tabs within this sheet - anything that remains outstanding will be highlighted in the summary tab.
A5: 2. For guidance on cost eligibility please refer to the Heat Pump Ready (HPR) - Innovation Funding Competition Guidance
A7: Any ineligible costs entered into this sheet will be removed by DESNZ prior to issuing grant award letter.
A9: 3. Drop down options have been added in some places in order to simplify completion of the sheet along with formulas to simplify administration and to collate figures on the summary tab.
A11: 4. Costs submitted into this spreadsheet are final. Project teams will not be provided with the opportunity to amend costs prior to grant award.
A13: 5. All costs should be entered excluding recoverable VAT.
A15: 6. If you have any questions please email: heatinnovation@energysecurity.gov.uk

Sheet Summary
B2: Project Title
B3: Lead organisation
B4: Name of person completing this spreadsheet
B5: Contact email for person completing this spreadsheet:
B7: Competion Check List:
B8: Please confirm you have completed the following sections of this spreadsheet:
B9: Labour & Overhead
B10: Capital Equipment
B11: Material Costs
B12: Travel & Subsistence
B13: Other Costs
B14: Subcontractor Costs
... B19: Finance Summary
C22: Labour Costs | D22: ='Labour & Overhead Costs'!H60 -> 0 | E22: =IF(D22=0, "Please complete relevant tab", "Completed") -> Please complete relevant tab | R22: Total Labour Costs | S22: =N22+D22 -> 0
C24: Overhead Costs | D24: ='Labour & Overhead Costs'!J60 -> 0 | E24: =IF(D24=0, "Please complete relevant tab", "Completed") -> Please complete relevant tab | R24: Total Overhead Costs | S24: =N24+D24 -> 0
C26: Capital Equipment Costs | D26: ='Capital Equipment Costs'!J29 -> 0 | E26: =IF(D26=0, "Please complete relevant tab", "Completed") -> Please complete relevant tab | R26: Total Capital Costs | S26: =N26+D28 -> 0
C28: Material Costs | D28: ='Material Costs'!I62 -> 0 | E28: =IF(D28=0, "Please complete relevant tab", "Completed") -> Please complete relevant tab | R28: Total Material Costs | S28: =D28+N28 -> 0
C30: Travel & Subsistence Costs | D30: ='Travel & Subsistence Costs'!I31 -> 0 | E30: =IF(D30=0, "Please complete relevant tab", "Completed") -> Please complete relevant tab | R30: Total Travel & Subsistence Costs | S30: =D30+N30 -> 0
C32: Other costs | D32: ='Other Costs'!H30 -> 0 | E32: =IF(D32=0, "Please complete relevant tab", "Completed") -> Please complete relevant tab | R32: Total Other Costs | S32: =D32+N32 -> 0
C34: Subcontractor costs | D34: ='Subcontractor Costs'!G31 -> 0 | E34: =IF(D34=0, "Please complete relevant tab", "Completed") -> Please complete relevant tab | R34: Total sub-contractor costs | S34: =D34+N34 -> 0
C36: Total Eligible Costs | D36: =SUM(D22+D24+D28+D26+D30+D32+D34) -> 0 | R36: Total Stream 3 participation costs | S36: =#REF! -> #REF!
C37: Milestone Costs (should equal Total Eligible Costs) | D37: ='Milestone Costs '!W18 -> 0
C38: Total Value of DESNZ Grant Funding Requested (should equal amount in Application Form) | D38: ='Organisation Funding Breakdown'!P22 -> 0
C39: Total Value of Private Sector Project Contribution | D39: =D36-D38 -> 0
R40: The above number (Total Eligible Phase 2 Costs) must be used on your appliation for your total project costs
B42: % of total project costs attributed to sub-contracting | D42: =(D34)/(D36) -> #DIV/0!
B43: Where greater than 30%, please provide justification for this level of subcontracting within the project

Sheet Labour & Overhead Costs
B3: Labour & Overhead Costs
E5: Working Year
E7: Full Time Working Days per Year | F7: =5*52 -> 260 | G7: days | H7: Total value of project labour | I7: =H60 -> 0
E9: Number of Public Holidays in the year | F9: 9 | G9: days | H9: Total value of project overheads | I9: =J60 -> 0
E11: Average Annual Absence (Holiday,Training,Illness etc.) | F11: 31 | G11: days | H11: Average overhead percentage | I11: =AVERAGE(I19:I58) -> #DIV/0!
E13: Assumed Number of Working Days per Year | F13: =F7-F9-F11 -> 220 | G13: days
B15: Labour Costs
C17: Anonymous identifier | D17: Organisation | E17: Job title within project | F17: Day Rate | G17: Number of Days Spent on Project | H17: Project Labour Cost exc Overheads(£) | I17: Overhead rate as % of salary | J17: Overhead Cost (£ ex VAT) | K17: Total Project Labour Cost inc Overheads (£ ex VAT)
B18: e.g | C18: Joe Bloggs | D18: XYZ Ltd | E18: Senior Engineer | F18: 500 | G18: 100 | H18: =F18*G18 -> 50000 | I18: 0.2 | J18: =H18*I18 -> 10000 | K18: =H18+J18 -> 60000
B19: 1 | H19: =G19*F19 -> 0 | J19: =H19*I19 -> 0 | K19: =H19+J19 -> 0
B20: 2 | H20: =G20*F20 -> 0 | J20: =H20*I20 -> 0 | K20: =H20+J20 -> 0
B21: 3 | H21: =G21*F21 -> 0 | J21: =H21*I21 -> 0 | K21: =H21+J21 -> 0
B22: 4 | H22: =G22*F22 -> 0 | J22: =H22*I22 -> 0 | K22: =H22+J22 -> 0
B23: 5 | H23: =G23*F23 -> 0 | J23: =H23*I23 -> 0 | K23: =H23+J23 -> 0
B24: 6 | H24: =G24*F24 -> 0 | J24: =H24*I24 -> 0 | K24: =H24+J24 -> 0
B25: 7 | H25: =G25*F25 -> 0 | J25: =H25*I25 -> 0 | K25: =H25+J25 -> 0
B26: 8 | H26: =G26*F26 -> 0 | J26: =H26*I26 -> 0 | K26: =H26+J26 -> 0
B27: 9 | H27: =G27*F27 -> 0 | J27: =H27*I27 -> 0 | K27: =H27+J27 -> 0
B28: 10 | H28: =G28*F28 -> 0 | J28: =H28*I28 -> 0 | K28: =H28+J28 -> 0
B29: 11 | H29: =G29*F29 -> 0 | J29: =H29*I29 -> 0 | K29: =H29+J29 -> 0
B30: 12 | H30: =G30*F30 -> 0 | J30: =H30*I30 -> 0 | K30: =H30+J30 -> 0
... B58: 40 | H58: =G58*F58 -> 0 | J58: =H58*I58 -> 0 | K58: =H58+J58 -> 0
B60: *includes Employer National Insurance Contribution, Employer Pension Contribution, Employee Benefits etc | H60: =SUM(H19:H58) -> 0 | J60: =SUM(J19:J58) -> 0 | K60: =SUM(K19:K58) -> 0

Sheet Capital Equipment Costs
D2: Capital Equipment Breakdown
D5: Definition of Capital Costs: One-off expenditures of significant fixed assets, that will be of use or benefit for the project throughout its duration, as well as after the project has concluded
C7: Capital equipment item | D7: Description of item use within the project | E7: Work package in which it will be used (if applicable) | F7: New vs Existing purchase | G7: Net Price Value of item at project start or purchase price | H7: Residual value at project end | I7: Utilisation | J7: Net cost to project | K7: If residual value is £0 at end, please provide justification
B8: e.g. | C8: Laptop for new staff member | D8: This is a piece of monitoring equipment which does…. | E8: 2 & 4 | F8: New | G8: 400 | H8: 150 | I8: 1 | J8: =(G8-H8)*I8 -> 250
B9: 1 | J9: =(G9-H9)*I9 -> 0
B10: 2 | J10: =(G10-H10)*I10 -> 0
B11: 3 | J11: =(G11-H11)*I11 -> 0
B12: 4 | J12: =(G12-H12)*I12 -> 0
B13: 5 | J13: =(G13-H13)*I13 -> 0
B14: 6 | J14: =(G14-H14)*I14 -> 0
B15: 7 | J15: =(G15-H15)*I15 -> 0
B16: 8 | J16: =(G16-H16)*I16 -> 0
B17: 9 | J17: =(G17-H17)*I17 -> 0
B18: 10 | J18: =(G18-H18)*I18 -> 0
B19: 11 | J19: =(G19-H19)*I19 -> 0
B20: 12 | J20: =(G20-H20)*I20 -> 0
... B27: 19 | J27: =(G27-H27)*I27 -> 0
H29: Total Capital Equipment Costs: | J29: =SUM(J9:J27) -> 0

Sheet Material Costs
C2: Material Costs
C4: Please provide a breakdown of the materials you expect to consume during the project
C6: Definition of Material Costs: The costs associated with the procurement of items (equipment, tools, raw materials etc) that directly and only contribute to the project for use and benefit within project duration)
C9: Item | E9: Quantity | G9: Cost per unit (£) | I9: Total
B10: e.g | C10: Bio-oil tank X litres for Y purpose | E10: 1 | G10: 1000 | I10: =$E10*$G10 -> 1000
B11: 1 | I11: =$E11*$G11 -> 0
B12: 2 | I12: =$E12*$G12 -> 0
B13: 3 | I13: =$E13*$G13 -> 0
B14: 4 | I14: =$E14*$G14 -> 0
B15: 5 | I15: =$E15*$G15 -> 0
B16: 6 | I16: =$E16*$G16 -> 0
B17: 7 | I17: =$E17*$G17 -> 0
B18: 8 | I18: =$E18*$G18 -> 0
B19: 9 | I19: =$E19*$G19 -> 0
B20: 10 | I20: =$E20*$G20 -> 0
B21: 11 | I21: =$E21*$G21 -> 0
B22: 12 | I22: =$E22*$G22 -> 0
... B60: 50 | I60: =$E60*$G60 -> 0
E62: Total Material Costs | I62: =SUM(I11:I60) -> 0

Sheet Travel & Subsistence Costs
C2: Travel and Subsistence Costs
C5: Please provide a breakdown of travel & subsistence costs you expect during the project | E5: Reminder: Projects must adhere to DESNZ Travel Policy as detailed within the Heat Pump Ready Programme Innovation Funding Competition Guidance
C7: Description of subsistence cost or purpose of journey | E7: Frequency (e.g. nights, journeys, items of identical cost) | G7: Cost each (£) | I7: Total
B8: e.g | C8: Travel to site visit for technical site surveys | E8: 2 | G8: 700 | I8: =$E$8*$G$8 -> 1400
C9: Overnight stay for site visit for technical site survey | E9: 2 | G9: 50 | I9: =$E$9*$G$9 -> 100
B10: 1 | I10: =$E10*$G10 -> 0
B11: 2 | I11: =$E11*$G11 -> 0
B12: 3 | I12: =$E12*$G12 -> 0
B13: 4 | I13: =$E13*$G13 -> 0
B14: 5 | I14: =$E14*$G14 -> 0
B15: 6 | I15: =$E15*$G15 -> 0
B16: 7 | I16: =$E16*$G16 -> 0
B17: 8 | I17: =$E17*$G17 -> 0
B18: 9 | I18: =$E18*$G18 -> 0
B19: 10 | I19: =$E19*$G19 -> 0
B20: 11 | I20: =$E20*$G20 -> 0
B21: 12 | I21: =$E21*$G21 -> 0
... B29: 20 | I29: =$E29*$G29 -> 0
E31: Total Travel & Subsistence Cost: | I31: =SUM(I10:I29) -> 0

Sheet Other Costs
C2: Other Costs (If applicable)
C5: Please enter estimates of any other costs that do not fit within the other cost headings
C7: Description of the cost | E7: Justification for the cost | H7: Total Cost (£ ex-VAT)
B8: e.g | C8: Service charge for lab equipment | E8: X equipment is needed to measure Y for Z work package | H8: 50
B9: 1 | H9: 0
B10: 2 | H10: 0
B11: 3 | H11: 0
B12: 4 | H12: 0
B13: 5 | H13: 0
B14: 6 | H14: 0
B15: 7 | H15: 0
B16: 8 | H16: 0
B17: 9 | H17: 0
B18: 10 | H18: 0
B19: 11 | H19: 0
B20: 12 | H20: 0
... B28: 20 | H28: 0
E30: Total Other Costs | H30: =SUM(H9:H28) -> 0

Sheet Subcontractor Costs
C2: Subcontractor Costs
C5: Please provide details of any subcontractor costs that you expect to incur during the project - this covers work to be delivered by companies which are not a part of the formal project consortium.
C8: Organisation responsible for subcontract | D8: Subcontracted organisation | E8: Role of subcontractor in the project and/or description of work to be carried out | F8: Justification for using the subcontractor | G8: Cost (£)
B9: e.g | C9: UKCRM (UK Centre for Risk and Mitigation) | D9: UKCRM (UK Centre for Risk and Mitigation) | E9: Risk Management - Will assist on all aspects of risk and mitigation | F9: The company did not have any staff experienced enough to take on the role | G9: 15000
B10: 1 | G10: 0
B11: 2 | G11: 0
B12: 3 | G12: 0
B13: 4 | G13: 0
B14: 5 | G14: 0
B15: 6 | G15: 0
B16: 7 | G16: 0
B17: 8 | G17: 0
B18: 9 | G18: 0
B19: 10 | G19: 0
B20: 11 | G20: 0
B21: 12 | G21: 0
... B29: 20 | G29: 0
F31: Total Sub-Contract Cost: | G31: =SUM(G10:G29) -> 0

Sheet Milestone Costs 
A2: Predicted Month of Start | D2: 46419 | F2: Qtr 4 | H2: Qtr 1 | I2: Qtr 2 | J2: Qtr 3 | K2: Qtr 4 | M2: Qtr 1 | N2: Qtr 2 | O2: Qtr 3 | P2: Qtr 4 | R2: Qtr 1 | S2: Qtr 2 | T2: Qtr 3 | U2: Qtr 4
A3: Milestone | E3: Deliverables Define deliverables, what will be achieved and evidenced at each stage, which work package(s) each milestone relates to, demonstrating progress toward readiness | F3: 46388 | H3: 46478 | I3: 46569 | J3: 46661 | K3: 46753 | M3: 46844 | N3: 46935 | O3: 47027 | P3: 47119 | R3: 47209 | S3: 47300 | T3: 47392 | U3: 47484
F4: to | G4: FY 26-27 | H4: to | I4: to | J4: to | K4: to | L4: FY 27-28 | M4: to | N4: to | O4: to | P4: to | Q4: FY 28-29 | R4: to | S4: to | T4: to | U4: to | V4: FY 29-30
F5: 46477 | G5: Total | H5: 46568 | I5: 46660 | J5: 46752 | K5: 46843 | L5: Total | M5: 46934 | N5: 47026 | O5: 47118 | P5: 47208 | Q5: Total | R5: 47299 | S5: 47391 | T5: 47483 | U5: 47573 | V5: Total | W5: Overall Total
A6: e.g. 1 - System Modelling and Design | E6: Deliverable X - Define Requirement Specifications for prototypes (WP2) Deliverable Y - Engage potential customers (WP2) | F6: 12000 | G6: =SUM(F6:F6) -> 12000 | H6: 10000 | I6: 5000 | J6: 0 | K6: 0 | L6: =SUM(K6:K6) -> 0 | M6: 10000 | N6: 5000 | O6: 0 | P6: 0 | Q6: =SUM(H6:K6) -> 15000 | R6: 10000 | S6: 5000 | T6: 0 | U6: 0 | V6: =SUM(M6:P6) -> 15000 | W6: =Q6+G6-D6 -> 27000
A7: 1 | G7: =SUM(F7:F7) -> 0 | L7: =SUM(H7:K7) -> 0 | Q7: =SUM(M7:P7) -> 0 | V7: =SUM(R7:U7) -> 0 | W7: =G7+L7+Q7+V7 -> 0
A8: 2 | G8: =SUM(F8:F8) -> 0 | L8: =SUM(H8:K8) -> 0 | Q8: =SUM(M8:P8) -> 0 | V8: =SUM(R8:U8) -> 0 | W8: =G8+L8+Q8+V8 -> 0
A9: 3 | G9: =SUM(F9:F9) -> 0 | L9: =SUM(H9:K9) -> 0 | Q9: =SUM(M9:P9) -> 0 | V9: =SUM(R9:U9) -> 0 | W9: =G9+L9+Q9+V9 -> 0
A10: 4 | G10: =SUM(F10:F10) -> 0 | L10: =SUM(H10:K10) -> 0 | Q10: =SUM(M10:P10) -> 0 | V10: =SUM(R10:U10) -> 0 | W10: =G10+L10+Q10+V10 -> 0
A11: 5 | G11: =SUM(F11:F11) -> 0 | L11: =SUM(H11:K11) -> 0 | Q11: =SUM(M11:P11) -> 0 | V11: =SUM(R11:U11) -> 0 | W11: =G11+L11+Q11+V11 -> 0
A12: 6 | G12: =SUM(F12:F12) -> 0 | L12: =SUM(H12:K12) -> 0 | Q12: =SUM(M12:P12) -> 0 | V12: =SUM(R12:U12) -> 0 | W12: =G12+L12+Q12+V12 -> 0
A13: 7 | G13: =SUM(F13:F13) -> 0 | L13: =SUM(H13:K13) -> 0 | Q13: =SUM(M13:P13) -> 0 | V13: =SUM(R13:U13) -> 0 | W13: =G13+L13+Q13+V13 -> 0
A14: 8 | G14: =SUM(F14:F14) -> 0 | L14: =SUM(H14:K14) -> 0 | Q14: =SUM(M14:P14) -> 0 | V14: =SUM(R14:U14) -> 0 | W14: =G14+L14+Q14+V14 -> 0
A15: 9 | G15: =SUM(F15:F15) -> 0 | L15: =SUM(H15:K15) -> 0 | Q15: =SUM(M15:P15) -> 0 | V15: =SUM(R15:U15) -> 0 | W15: =G15+L15+Q15+V15 -> 0
A16: 10 | G16: =SUM(F16:F16) -> 0 | L16: =SUM(H16:K16) -> 0 | Q16: =SUM(M16:P16) -> 0 | V16: =SUM(R16:U16) -> 0 | W16: =G16+L16+Q16+V16 -> 0
A17: 11 | G17: =SUM(F17:F17) -> 0 | L17: =SUM(H17:K17) -> 0 | Q17: =SUM(M17:P17) -> 0 | V17: =SUM(R17:U17) -> 0 | W17: =G17+L17+Q17+V17 -> 0
F18: =SUM(F7:F17) -> 0 | G18: =SUM(G7:G17) -> 0 | H18: =SUM(H7:H17) -> 0 | I18: =SUM(I7:I17) -> 0 | J18: =SUM(J7:J17) -> 0 | K18: =SUM(K7:K17) -> 0 | L18: =SUM(L7:L17) -> 0 | M18: =SUM(M7:M17) -> 0 | ... W18: =SUM(W7:W17) -> 0

Sheet Project Quartely Breakdown OLD
B1: Project Quarterly Breakdown
B4: Please enter the quarterly breakdown for your costs in the table below
B6: Predicted Month of Start | E6: 46419 | G6: Qtr 4 | K6: Qtr 1 | L6: Qtr 2 | M6: Qtr 3 | N6: Qtr 4
G7: 45292 | K7: 45383 | L7: =DATE(YEAR(K7),MONTH(K7)+3,DAY(K7)) -> 45474 | M7: =DATE(YEAR(L7),MONTH(L7)+3,DAY(L7)) -> 45566 | N7: =DATE(YEAR(M7),MONTH(M7)+3,DAY(M7)) -> 45658
G8: to | I8: FY 23-24 | K8: to | L8: to | M8: to | N8: to | P8: FY 24-25
G9: =DATE(YEAR(G7),MONTH(G7)+2,DAY(G7)+28) -> 45380 | I9: Total | K9: =DATE(YEAR(K7),MONTH(K7)+2,DAY(K7)+28) -> 45472 | L9: =DATE(YEAR(L7),MONTH(L7)+2,DAY(L7)+28) -> 45564 | M9: =DATE(YEAR(M7),MONTH(M7)+2,DAY(M7)+28) -> 45655 | N9: 45717 | P9: Total | R9: Error Check
B10: Total Labour costs | E10: =#REF! -> #REF! | I10: =SUM(G10:G10) -> 0 | P10: =SUM(K10:N10) -> 0 | R10: =P10+I10-E10 -> #REF!
B11: Total Overhead Costs | E11: =#REF! -> #REF! | I11: =SUM(G11:G11) -> 0 | P11: =SUM(K11:N11) -> 0 | R11: =P11+I11-E11 -> #REF!
B12: Total Capital Costs | E12: =#REF! -> #REF! | I12: =SUM(G12:G12) -> 0 | P12: =SUM(K12:N12) -> 0 | R12: =P12+I12-E12 -> #REF!
B13: Total Material Costs | E13: =#REF! -> #REF! | I13: =SUM(G13:G13) -> 0 | P13: =SUM(K13:N13) -> 0 | R13: =P13+I13-E13 -> #REF!
B14: Total Travel & Subsistence Costs | E14: =#REF! -> #REF! | I14: =SUM(G14:G14) -> 0 | P14: =SUM(K14:N14) -> 0 | R14: =P14+I14-E14 -> #REF!
B15: Total Other Costs | E15: =#REF! -> #REF! | I15: =SUM(G15:G15) -> 0 | P15: =SUM(K15:N15) -> 0 | R15: =P15+I15-E15 -> #REF!
B16: Total Subcontractor Costs | E16: =#REF! -> #REF! | I16: =SUM(G16:G16) -> 0 | P16: =SUM(K16:N16) -> 0 | R16: =P16+I16-E16 -> #REF!
B17: Total Stream 3 Participation Costs | E17: =#REF! -> #REF! | I17: =SUM(G17:G17) -> 0 | P17: =SUM(K17:N17) -> 0 | R17: =P17+I17-E17 -> #REF!
B19: Total Project Costs | E19: =SUM(E10:E17) -> #REF! | G19: =SUM(G10:G16) -> 0 | I19: =SUM(I10:I16) -> 0 | K19: =SUM(K10:K16) -> 0 | L19: =SUM(L10:L16) -> 0 | M19: =SUM(M10:M16) -> 0 | N19: =SUM(N10:N16) -> 0 | P19: =SUM(P10:P16) -> 0 | R19: =SUM(R10:R17) -> #REF!

Sheet Organisation Funding Breakdown
C2: Cost breakdown by organisation
C4: If this is a collaborative project please enter the total cost individually for each organisation in the consortium
C6: Total Project Costs | D6: =SUM(H10:H21) -> 0 | E6: Average Project Grant Intensity | G6: =D6/P22 -> #DIV/0!
C8: Organisation Name | D8: Organisation Role | E8: Organisation Size | F8: Please list all organisation who will be sub-contracted by this organisation and the value of their sub-contract | G8: % total cost to be spent by organisation | H8: Total project costs per organisation (£) | I8: Total value of work defined as experimental development (£) | J8: Experimental development subsidy ratio (%) | K8: Grant funding for experimental development (£) | L8: Total Value of work defined as industrial research (£) | M8: Industrial Research subsidy ratio (%) | N8: Grant funding for Industrial research(£) | O8: Averagesubsidy ratio for organisation (%) | P8: Total amount of grant funding (£)
C9: eg. XYZ Energy Ltd | D9: e.g Partner | E9: e.g. Medium | F9: Organisation X - £50,000 Organisation Y - £3,000 | G9: e.g. 50% (this will pull through automatically based on column H input) | H9: eg. £500,000 | K9: =Table33[[#This Row],[Total value of work defined as experimental development (£)]]*Table33[[#This Row],[Experimental development subsidy ratio (%)]] -> 0 | N9: =Table33[[#This Row],[Industrial Research subsidy ratio (%)]]*Table33[[#This Row],[Total Value of work defined as industrial research (£)]] -> 0
C10: Please input name partner | D10: Please select | G10: =(H10/$D$6) -> #DIV/0! | H10: 0 | K10: =Table33[[#This Row],[Total value of work defined as experimental development (£)]]*Table33[[#This Row],[Experimental development subsidy ratio (%)]] -> 0 | L10: 0 | N10: =Table33[[#This Row],[Industrial Research subsidy ratio (%)]]*Table33[[#This Row],[Total Value of work defined as industrial research (£)]] -> 0 | O10: =(Table33[[#This Row],[Grant funding for experimental development (£)]]+Table33[[#This Row],[Grant funding for Industrial research(£)]])/Table33[[#This Row],[Total project costs per organisation (£)]] -> #DIV/0! | P10: =N10+K10 -> 0
C11: Please input name partner | D11: Please select | G11: =(H11/$D$6) -> #DIV/0! | H11: 0 | K11: =Table33[[#This Row],[Total value of work defined as experimental development (£)]]*Table33[[#This Row],[Experimental development subsidy ratio (%)]] -> 0 | L11: =Table33[[#This Row],[Total project costs per organisation (£)]] -> 0 | N11: =Table33[[#This Row],[Industrial Research subsidy ratio (%)]]*Table33[[#This Row],[Total Value of work defined as industrial research (£)]] -> 0 | O11: =(Table33[[#This Row],[Grant funding for experimental development (£)]]+Table33[[#This Row],[Grant funding for Industrial research(£)]])/Table33[[#This Row],[Total project costs per organisation (£)]] -> #DIV/0! | P11: =N11+K11 -> 0
C12: Please input name partner | D12: Please select | G12: =(H12/$D$6) -> #DIV/0! | H12: 0 | K12: =Table33[[#This Row],[Total value of work defined as experimental development (£)]]*Table33[[#This Row],[Experimental development subsidy ratio (%)]] -> 0 | L12: =Table33[[#This Row],[Total project costs per organisation (£)]] -> 0 | N12: =Table33[[#This Row],[Industrial Research subsidy ratio (%)]]*Table33[[#This Row],[Total Value of work defined as industrial research (£)]] -> 0 | O12: =(Table33[[#This Row],[Grant funding for experimental development (£)]]+Table33[[#This Row],[Grant funding for Industrial research(£)]])/Table33[[#This Row],[Total project costs per organisation (£)]] -> #DIV/0! | P12: =N12+K12 -> 0
C13: Please input name partner | D13: Please select | G13: =(H13/$D$6) -> #DIV/0! | H13: 0 | K13: =Table33[[#This Row],[Total value of work defined as experimental development (£)]]*Table33[[#This Row],[Experimental development subsidy ratio (%)]] -> 0 | L13: =Table33[[#This Row],[Total project costs per organisation (£)]] -> 0 | N13: =Table33[[#This Row],[Industrial Research subsidy ratio (%)]]*Table33[[#This Row],[Total Value of work defined as industrial research (£)]] -> 0 | O13: =(Table33[[#This Row],[Grant funding for experimental development (£)]]+Table33[[#This Row],[Grant funding for Industrial research(£)]])/Table33[[#This Row],[Total project costs per organisation (£)]] -> #DIV/0! | P13: =N13+K13 -> 0
C14: Please input name partner | D14: Please select | G14: =(H14/$D$6) -> #DIV/0! | H14: 0 | K14: =Table33[[#This Row],[Total value of work defined as experimental development (£)]]*Table33[[#This Row],[Experimental development subsidy ratio (%)]] -> 0 | L14: =Table33[[#This Row],[Total project costs per organisation (£)]] -> 0 | N14: =Table33[[#This Row],[Industrial Research subsidy ratio (%)]]*Table33[[#This Row],[Total Value of work defined as industrial research (£)]] -> 0 | O14: =(Table33[[#This Row],[Grant funding for experimental development (£)]]+Table33[[#This Row],[Grant funding for Industrial research(£)]])/Table33[[#This Row],[Total project costs per organisation (£)]] -> #DIV/0! | P14: =N14+K14 -> 0
C15: Please input name partner | D15: Please select | G15: =(H15/$D$6) -> #DIV/0! | H15: 0 | K15: =Table33[[#This Row],[Total value of work defined as experimental development (£)]]*Table33[[#This Row],[Experimental development subsidy ratio (%)]] -> 0 | L15: =Table33[[#This Row],[Total project costs per organisation (£)]] -> 0 | N15: =Table33[[#This Row],[Industrial Research subsidy ratio (%)]]*Table33[[#This Row],[Total Value of work defined as industrial research (£)]] -> 0 | O15: =(Table33[[#This Row],[Grant funding for experimental development (£)]]+Table33[[#This Row],[Grant funding for Industrial research(£)]])/Table33[[#This Row],[Total project costs per organisation (£)]] -> #DIV/0! | P15: =N15+K15 -> 0
C16: Please input name partner | D16: Please select | G16: =(H16/$D$6) -> #DIV/0! | H16: 0 | K16: =Table33[[#This Row],[Total value of work defined as experimental development (£)]]*Table33[[#This Row],[Experimental development subsidy ratio (%)]] -> 0 | L16: =Table33[[#This Row],[Total project costs per organisation (£)]] -> 0 | N16: =Table33[[#This Row],[Industrial Research subsidy ratio (%)]]*Table33[[#This Row],[Total Value of work defined as industrial research (£)]] -> 0 | O16: =(Table33[[#This Row],[Grant funding for experimental development (£)]]+Table33[[#This Row],[Grant funding for Industrial research(£)]])/Table33[[#This Row],[Total project costs per organisation (£)]] -> #DIV/0! | P16: =N16+K16 -> 0
C17: Please input name partner | D17: Please select | G17: =(H17/$D$6) -> #DIV/0! | H17: 0 | K17: =Table33[[#This Row],[Total value of work defined as experimental development (£)]]*Table33[[#This Row],[Experimental development subsidy ratio (%)]] -> 0 | L17: 0 | N17: =Table33[[#This Row],[Industrial Research subsidy ratio (%)]]*Table33[[#This Row],[Total Value of work defined as industrial research (£)]] -> 0 | O17: =(Table33[[#This Row],[Grant funding for experimental development (£)]]+Table33[[#This Row],[Grant funding for Industrial research(£)]])/Table33[[#This Row],[Total project costs per organisation (£)]] -> #DIV/0! | P17: =N17+K17 -> 0
C18: Please input name partner | D18: Please select | G18: =(H18/$D$6) -> #DIV/0! | H18: 0 | K18: =Table33[[#This Row],[Total value of work defined as experimental development (£)]]*Table33[[#This Row],[Experimental development subsidy ratio (%)]] -> 0 | L18: =Table33[[#This Row],[Total project costs per organisation (£)]] -> 0 | N18: =Table33[[#This Row],[Industrial Research subsidy ratio (%)]]*Table33[[#This Row],[Total Value of work defined as industrial research (£)]] -> 0 | O18: =(Table33[[#This Row],[Grant funding for experimental development (£)]]+Table33[[#This Row],[Grant funding for Industrial research(£)]])/Table33[[#This Row],[Total project costs per organisation (£)]] -> #DIV/0! | P18: =N18+K18 -> 0
C19: Please input name partner | D19: Please select | G19: =(H19/$D$6) -> #DIV/0! | H19: 0 | K19: =Table33[[#This Row],[Total value of work defined as experimental development (£)]]*Table33[[#This Row],[Experimental development subsidy ratio (%)]] -> 0 | L19: =Table33[[#This Row],[Total project costs per organisation (£)]] -> 0 | N19: =Table33[[#This Row],[Industrial Research subsidy ratio (%)]]*Table33[[#This Row],[Total Value of work defined as industrial research (£)]] -> 0 | O19: =(Table33[[#This Row],[Grant funding for experimental development (£)]]+Table33[[#This Row],[Grant funding for Industrial research(£)]])/Table33[[#This Row],[Total project costs per organisation (£)]] -> #DIV/0! | P19: =N19+K19 -> 0
C20: Please input name partner | D20: Please select | G20: =(H20/$D$6) -> #DIV/0! | H20: 0 | K20: =Table33[[#This Row],[Total value of work defined as experimental development (£)]]*Table33[[#This Row],[Experimental development subsidy ratio (%)]] -> 0 | L20: =Table33[[#This Row],[Total project costs per organisation (£)]] -> 0 | N20: =Table33[[#This Row],[Industrial Research subsidy ratio (%)]]*Table33[[#This Row],[Total Value of work defined as industrial research (£)]] -> 0 | O20: =(Table33[[#This Row],[Grant funding for experimental development (£)]]+Table33[[#This Row],[Grant funding for Industrial research(£)]])/Table33[[#This Row],[Total project costs per organisation (£)]] -> #DIV/0! | P20: =N20+K20 -> 0
C21: Please input name partner | D21: Please select | G21: =(H21/$D$6) -> #DIV/0! | H21: 0 | K21: =Table33[[#This Row],[Total value of work defined as experimental development (£)]]*Table33[[#This Row],[Experimental development subsidy ratio (%)]] -> 0 | L21: =Table33[[#This Row],[Total project costs per organisation (£)]] -> 0 | N21: =Table33[[#This Row],[Industrial Research subsidy ratio (%)]]*Table33[[#This Row],[Total Value of work defined as industrial research (£)]] -> 0 | O21: =(Table33[[#This Row],[Grant funding for experimental development (£)]]+Table33[[#This Row],[Grant funding for Industrial research(£)]])/Table33[[#This Row],[Total project costs per organisation (£)]] -> #DIV/0! | P21: =N21+K21 -> 0
G22: =SUM(G10:G21) -> #DIV/0! | H22: check cell should be 100% | P22: =SUM(P10:P21) -> 0

Sheet Location Breakdown
C2: Cost breakdown by project location
C4: What are we looking for and why?
C5: It is a requirement for DESNZ to report on how much DESNZ spend is being allocated to each UK region and constituency.
C6: To do this we require you to provide an estimated breakdown of total eligible project costs by location/s where the actual project activity is taking place, which could be a different location to the registered address details given in the application form. This needs to be completed for the Lead Organisation and any other project Partners.
C7: If more than one location, please provide an estimate of the total eligible project costs at each location.
C10: =[1]Summary!B31 -> Total Project Costs | D10: =Summary!D36 -> 0
C12: Cost breakdown by project location
C13: Project Title (name pulls through from summary tab) | D13: Organisation Name | E13: Organisation Role | F13: First line of address | G13: UK Region | H13: Postcode | I13: Please describe the main activity at this location | J13: % total cost to be spent in respective location. Use numbers only. Do not use the % sumbol. | K13: Total project costs in respective location (£)
C14: e.g. Project X (name pulls through from summary tab) | D14: eg. XYZ Energy Ltd | E14: eg. Lead Organisation | F14: e.g. Hendon Central Powerplant, Wykeham Road | G14: South East | H14: eg. NW4 2SU | I14: eg. Powerplant in North London, carbon capture prototype testing | J14: e.g. 50 | K14: eg. £500,000 (this will pull through automatically based on column J input)
C15: =Summary!D2 -> 0 | E15: Please Select | G15: Choose Region | K15: =J15*$D$10 -> 0
C16: =Summary!D2 -> 0 | E16: Please Select | G16: Choose Region | K16: =J16*$D$10 -> 0
C17: =Summary!D2 -> 0 | E17: Please Select | G17: Choose Region | K17: =J17*$D$10 -> 0
C18: =Summary!D2 -> 0 | E18: Please Select | G18: Choose Region | K18: =J18*$D$10 -> 0
C19: =Summary!D2 -> 0 | E19: Please Select | G19: Choose Region | K19: =J19*$D$10 -> 0
C20: =Summary!D2 -> 0 | E20: Please Select | G20: Choose Region | K20: =J20*$D$10 -> 0
C21: =Summary!D2 -> 0 | E21: Please Select | G21: Choose Region | K21: =J21*$D$10 -> 0
C22: =Summary!D2 -> 0 | E22: Please Select | G22: Choose Region | K22: =J22*$D$10 -> 0
C23: =Summary!D2 -> 0 | E23: Please Select | G23: Choose Region | K23: =J23*$D$10 -> 0
C24: =Summary!D2 -> 0 | E24: Please Select | G24: Choose Region | K24: =J24*$D$10 -> 0
C25: =Summary!D2 -> 0 | E25: Please Select | G25: Choose Region | K25: =J25*$D$10 -> 0
C26: =Summary!D2 -> 0 | E26: Please Select | G26: Choose Region | K26: =J26*$D$10 -> 0
C27: =Summary!D2 -> 0 | D27: add more rows if applicable | J27: =SUM(J15:J26) -> 0
J28: check cell: should be 100%
